 Dungeon Crawl Stone Soup version 0.31.0-12-g77e489cdc1 (webtiles) character file.

Game seed: 1703979884415946110

100 Silvore the Covered (level 4, -1/41 HPs)
             Began as a Minotaur Fighter on Feb 23, 2024.
             Slain by an orc
             ... wielding a +0 mace
              (6 damage)
             ... on level 3 of the Dungeon.
             The game lasted 00:01:35 (2263 turns).

Silvore the Covered (Minotaur Fighter)              Turns: 2263, Time: 00:01:36

Health: -1/41      AC:  7    Str: 23    XL:     4   Next: 47%
Magic:  3/3        EV:  9    Int:  5    God:
Gold:   105        SH:  5    Dex:  9    Spells: 3/3 levels left

rFire   . . .        a - +1 flail
rCold   . . .        c - +1 buckler
rNeg    . . .        b - +0 scale mail
rPois   .            (helmet restricted)
rElec   .            (no cloak)
rCorr   .            (no gloves)
SInv    .            (no boots)
Will    .....        (no amulet) Stlth
                     (no ring)
HPRegen 0.26/turn    (no ring)
MPRegen 0.08/turn

%: no passive effects
@: mighty
A: horns 2, retaliatory headbutt
a: no special abilities


You were on level 3 of the Dungeon.
You visited 1 branch of the dungeon, and saw 3 of its levels.

You collected 105 gold pieces.

Inventory:

Hand Weapons
 a - a +1 flail (weapon)
Armour
 b - a +0 scale mail (worn)
 c - a +1 buckler (worn)
Jewellery
 g - a +6 ring of dexterity
Wands
 e - a wand of flame (36)
Potions
 f - a potion of haste {unknown}
 h - 2 potions of cancellation
 j - a potion of mutation {unknown}


   Skills:
 + Level 4.3 Fighting
 + Level 2.8 Maces & Flails
 + Level 5.4 Armour
 + Level 0.1 Dodging
 + Level 4.1 Shields


You had 3 spell levels left.
You didn't know any spells.
Your spell library contained the following spells:

 Spells                   Type           Power      Damage    Failure   Level
 Apportation              Tloc           0%         N/A       83%         1
 Jinxbite                 Hex            0%         N/A       93%         2
 Frozen Ramparts          Ice            0%         1d1       99%         3
 Leda's Liquefaction      Alch/Erth      0%         N/A       100%        4
 Petrify                  Alch/Erth      0%         N/A       100%        4
 Alistair's Intoxication  Alch           0%         N/A       100%        5
 Metabolic Englaciation   Hex/Ice        0%         N/A       100%        5


Dungeon Overview and Level Annotations

Branches:
Dungeon (3/15)

Altars:


Innate Abilities, Weirdness & Mutations

You have a pair of horns on your head.
You reflexively headbutt those who attack you in melee.


Message History

An orc priest comes into view. It is wielding a +0 flail.
You completely miss something. You block the orc's attack.
Something hits you. x2
The orc hits you but does no damage.
You closely miss something. You block the orc's attack.
The orc hits you but does no damage. Something hits you.
You closely miss something. The orc hits you with a +0 mace.
The orc hits you but does no damage.
You hear some strange, mumbled words.
A magic dart appears from out of thin air!
The magic dart hits you.
The orc priest mumbles some strange prayers to Beogh against you.
Beogh smites you!
You hit something but do no damage. Your headbutt misses something.
The orc hits you with a +0 mace.
* * * LOW HITPOINT WARNING * * *
The orc closely misses you. The orc hits you with a +0 mace.
* * * LOW HITPOINT WARNING * * *
You hit the orc. You headbutt the orc.
You kill the orc!
The orc hits you but does no damage.
You hear some strange, mumbled words.
Something tries to affect you, but you resist.
Unknown command.
You hit the orc priest.
The orc priest is heavily wounded.
The orc priest hits you but does no damage.
The orc closely misses you. You furiously retaliate!
You headbutt the orc, but do no damage.
You hear some strange, mumbled words.
Something tries to affect you, but you resist.
You closely miss the orc priest.
The orc priest is heavily wounded.
You block the orc's attack. The orc priest closely misses you.
Something hits you.
* * * LOW HITPOINT WARNING * * *
The orc hits you but does no damage. Something hits you but does no damage.
The orc priest begins to cast a cantrip, but forgets the words!
You feel very mighty all of a sudden. The orc hits you with a +0 mace.
You die...

#.#.# #.#.# #.#.#
#.#?# #.#.#
#.#.##############
##.##o{..##..........#
#....o@......# #.#
....####....#.#### #.#
# #..#......####.#
#..###..8...##<## #.$#
#....8.##... #..#
#..8...##### #..#
#>...8.#.###
#..###..8........
........8...###


You could see an orc priest and an orc.

Vanquished Creatures
  4 gnolls (D:2)
  An adder (D:2)
  A ribbon worm (D:2)
  2 dart slugs
  An orc (D:3)
  5 ball pythons
  5 endoplasms
  A giant cockroach (D:2)
  5 hobgoblins
  2 quokkas
  3 bats
  2 frilled lizards
  3 goblins
  6 kobolds
  5 rats
46 creatures vanquished.

Notes
Turn   | Place    | Note
-------+----------+-------------------------------------------
     0 | D:1      | Silvore the Minotaur Fighter began the quest for the Orb.
     0 | D:1      | Reached XP level 1. HP: 19/19 MP: 0/0
   167 | D:1      | Reached XP level 2. HP: 25/27 MP: 1/1
   923 | D:2      | Reached skill level 4 in Armour
   972 | D:2      | Reached XP level 3. HP: 20/33 MP: 2/2
   977 | D:2      | Reached skill level 5 in Armour
  1241 | D:2      | Reached XP level 4. HP: 24/40 MP: 3/3
  2263 | D:3      | Slain by an orc

Illustrated notes

Levels and vault maps discovered:
D:1:      scummos_arrival_simple_crosswalls, layout_loops_ring,
          minmay_misc_feat_tower, roderic_lattice_a,
          chequers_serial_rivers_micro_d
D:2:      layout_loops_corners
D:3:      layout_loops_ring, ashenzari_altar_1, minmay_misc_feat_pillars

Skill      XL: |  1  2  3 |
---------------+----------+-----
Fighting       | 4 |  4.3
Armour         | 4 5 |  5.4
Shields        | 4 |  4.1
Maces & Flails | |  2.8
Dodging        | |  0.1

Action                     |  1- 3 |  4- 6 || total
---------------------------+-------+-------++-------
  Melee: Flail             |    52 |    53 ||   105
         Headbutt          |     8 |    10 ||    18
    Use: Scroll            |     4 |     4 ||     8
         Potion            |       |     1 ||     1
 Armour: Scale mail        |    35 |    33 ||    68
  Dodge: Dodged            |    32 |    22 ||    54
  Block: Buckler           |    12 |    18 ||    30
